 Dungeon Sprint DCSS version 0.20-a0-1124-g2e29d97 (webtiles) character file.

2044 potatolord6000 the Cleaver (level 9, 0/95 HPs)
             Began as a Hill Orc Fighter on May 16, 2017.
             Was an Initiate of Gozag.
             Succumbed to a spiny frog's poison
             ... in the Dungeon (Sprint IX: "|||||||||||||||||||||||||||||").
             The game lasted 00:02:45 (870 turns).

potatolord6000 the Cleaver (Hill Orc Fighter)        Turns: 870, Time: 00:02:46

Health: 0/95       AC: 13    Str: 28    XL:     9   Next: 24%
Magic:  9/9        EV: 10    Int:  8    God:    Gozag
Gold:   747        SH:  0    Dex: 10    Spells: 8/8 levels left

rFire    . . .     SeeInvis .   n - +3 war axe (chop)
rCold    . . .     Gourm    .   (no shield)
rNeg     . . .     Faith    .   p - +1 scale mail
rPois    .         Spirit   .   o - +0 helmet
rElec    .         Reflect  .   (no cloak)
rCorr    .         Harm     .   a - +0 pair of gloves
MR       .....     NoTele   +   (no boots)
Stlth    ..........             (no amulet)
Regen    0.3/turn               b - +3 ring of strength
MPRegen  0.2/turn               m - +3 ring of strength

@: lethally poisoned (0 -> -12), gold aura
A: no striking features
a: Potion Petition, Call Merchant, Bribe Branch, Renounce Religion


You were in the Dungeon.
You worshipped Gozag.
Gozag was pleased with you.
You were full.

You visited 1 branch You collected 747 gold pieces.

Inventory:

Hand Weapons
 n - a +3 war axe of chopping (weapon)
Armour
 a - a +0 pair of gloves (worn)
 o - a +0 helmet (worn)
 p - a +1 scale mail (worn)
Jewellery
 b - a +3 ring of strength (left hand)
 m - a +3 ring of strength (right hand)
Scrolls
 d - 3 scrolls of remove curse
 k - 2 scrolls of blinking
 l - 2 scrolls of amnesia
 s - 4 scrolls of enchant armour
 t - 2 scrolls of identify
 u - a scroll of fog
Potions
 c - a potion of invisibility
 e - 5 potions of curing
 f - a potion of agility
 g - 2 potions of might
 h - a potion of haste
 i - 4 potions of magic
 j - a potion of berserk rage
 q - a potion of brilliance
Comestibles
 r - a meat ration


   Skills:
 + Level 14.0 Fighting
 + Level 14.8 Axes
 + Level 13.0 Armour
   Level 3.2 Shields


You had 8 spell levels left.
You didn't know any spells.

Dungeon Overview and Level Annotations

Branches:
Dungeon (1/1)

Altars:
Cheibriados
Dithmenos
Elyvilon
Fedhas
Gozag
Hepliaklqana
Kikubaaqudgha
Makhleb
Nemelex Xobeh
Okawaru
Qazlal
Ru
Sif Muna
Trog
Uskayaw
Vehumet
Wu Jian
Xom
Yredelemnul
Zin
The Shining One
Beogh
Jiyva
Lugonu


Message History

You are more poisoned.
The spiny frog poisons you!
You completely miss the spiny frog.
The spiny frog is severely wounded.
You feel sick. The spiny frog stings you!!
* * * LOW HITPOINT WARNING * * *
Unknown command.
You hit the spiny frog but do no damage.
The spiny frog is severely wounded.
* * * LOW HITPOINT WARNING * * *
You feel sick.
The spiny frog is distracted by the nearby gold.
Unknown command.
Unknown command.
You slash the spiny frog!
You kill the spiny frog!
Your Fighting skill increases to level 14!
Your Armour skill increases to level 13!
You die...
Your body crumbles into a pile of gold. $$$$$$$$$$$$$ $$$$$$$$$$$

▓▓▓▓▓▓▓▓▓▓▓▓▓▓▓▓▓▓▓▓▓▓▓▓
.'.....(=......$@$rYF...
▓▓▓▓▓▓▓▓▓▓▓▓▓▓▓▓▓▓▓▓▓▓▓▓▓▓▓▓▓▓▓▓▓
.................................
▓▓▓▓▓▓▓▓▓▓▓▓▓▓▓▓▓▓▓▓▓▓▓▓▓▓▓▓▓▓▓▓▓
....'†....'______________________
▓▓▓▓▓▓▓▓▓▓▓▓▓▓▓▓▓▓▓▓▓▓▓▓▓▓▓▓▓▓▓▓▓


You could see a yak, a spiny frog and a porcupine.

Vanquished Creatures
  A centaur warrior (D)
  A spiny frog (D)
  A meliai (D)
  2 porcupines (D)
  4 water moccasins (D)
  A crocodile (D)
  A bullfrog (D)
  A crimson imp (D)
  An orc wizard (D)
  An iguana (D)
  A worker ant (D)
  A shadow imp (D)
  An adder skeleton (D)
  2 dart slugs (D)
  2 worms (D)
  3 leopard geckos (D)
  An orc (D)
  A frilled lizard (D)
  A kobold (D)
  A rat (D)
28 creatures vanquished.

Notes
Turn   | Place    | Note
-------+----------+-------------------------------------------
     0 | D        | potatolord6000 the Hill Orc Fighter began the quest for the Orb.
     0 | D        | Reached XP level 1. HP: 19/19 MP: 1/1
    21 | D        | Reached XP level 2. HP: 22/28 MP: 2/2
    88 | D        | Reached skill level 5 in Fighting
   101 | D        | Reached skill level 5 in Axes
   101 | D        | Reached skill level 5 in Armour
   101 | D        | Reached XP level 3. HP: 15/37 MP: 3/3
   114 | D        | Found a roughly hewn altar of Beogh.
   114 | D        | Found a snail-covered altar of Cheibriados.
   114 | D        | Found a shadowy altar of Dithmenos.
   114 | D        | Found a white marble altar of Elyvilon.
   114 | D        | Found a blossoming altar of Fedhas.
   114 | D        | Found an opulent altar of Gozag.
   115 | D        | Found a hazy altar of Hepliaklqana.
   116 | D        | Found a viscous altar of Jiyva.
   117 | D        | Found an ancient bone altar of Kikubaaqudgha.
   118 | D        | Found a corrupted altar of Lugonu.
   119 | D        | Found a burning altar of Makhleb.
   120 | D        | Found a sparkling altar of Nemelex Xobeh.
   121 | D        | Found an iron altar of Okawaru.
   122 | D        | Became a worshipper of Gozag Ym Sagoz the Greedy
   123 | D        | Found a stormy altar of Qazlal.
   124 | D        | Found a sacrificial altar of Ru.
   125 | D        | Found a deep blue altar of Sif Muna.
   126 | D        | Found a bloodstained altar of Trog.
   127 | D        | Found a hide-covered altar of Uskayaw.
   134 | D        | Found a radiant altar of Vehumet.
   135 | D        | Found an ornate altar of the Wu Jian Council.
   136 | D        | Found a shimmering altar of Xom.
   137 | D        | Found a basalt altar of Yredelemnul.
   138 | D        | Found a glowing silver altar of Zin.
   139 | D        | Found a glowing golden altar of the Shining One.
   193 | D        | Noticed a water moccasin
   196 | D        | Killed a water moccasin
   196 | D        | Reached XP level 4. HP: 30/48 MP: 4/4
   196 | D        | Reached XP level 5. HP: 33/53 MP: 5/5
   433 | D        | Noticed a meliai
   433 | D        | Noticed a centaur warrior
   433 | D        | Noticed a water moccasin
   439 | D        | Reached XP level 6. HP: 43/63 MP: 6/6
   444 | D        | HP: 2/63 [meliai/war axe (2)]
   446 | D        | Killed a meliai
   446 | D        | Reached skill level 10 in Fighting
   446 | D        | Reached XP level 7. HP: 34/73 MP: 7/7
   462 | D        | Killed a centaur warrior
   462 | D        | Reached XP level 8. HP: 29/85 MP: 8/8
   831 | D        | Noticed a spiny frog
   845 | D        | Noticed a yak
   847 | D        | Noticed a spiny frog
   854 | D        | Reached XP level 9. HP: 48/93 MP: 9/9
   868 | D        | HP: 1/94 [spiny frog (19)]
   870 | D        | Killed a spiny frog
   870 | D        | Succumbed to a spiny frog's poison

Vault maps used:
D:        linesprint

Skill      XL: |  1  2  3  4  5  6  7  8  9 |
---------------+----------------------------+-----
Fighting       | 4 5 7 9 10 12 13 14 | 14.0
Axes           | 4 5 8 9 11 13 14 | 14.8
Armour         | 4 5 7 8 9 11 12 13 | 13.0
Shields        | |  3.2

Action                   |  1- 3 |  4- 6 |  7- 9 || total
-------------------------+-------+-------+-------++-------
Melee: War axe           |    28 |    20 |    60 ||   108
  Use: Potion            |     1 |     1 |     3 ||     5
 Stab: Distracted        |       |       |     2 ||     2
  Eat: Bread ration      |       |     1 |       ||     1
Armor: Scale mail        |    10 |     6 |    19 ||    35
Dodge: Dodged            |    13 |    10 |    15 ||    38
